Cogmind - Beta 11 X4 @@@ ROGUE MODE // 2021.05.28 @ 12:54:51 Player: Stryker Result: Self-destructed Performance ------------- Evolutions (9) 4500 Regions Visited (21) 4200 Robots Destroyed (222) 1110 Value Destroyed (11142) 11142 Prototype IDs (68) 1360 Alien Tech Used (0) 0 Bonus (126) 126 TOTAL SCORE: 22438 Bonus ------- High Alert Combat Kills 199 Follower Combat Kills 1626 Aligned with FarCom 300 Built Enhanced Grunts 300 Destroyed MAIN.C Guards 500 Friendly Fire -2799 Cogmind --------- Core Integrity 994/1600 Matter 589/850 Energy 100/100 System Corruption 23% Temperature Cool (0) Movement Core (1050) Ox20 Location -1/Command Parts ------- > --- POWER (2) -------- (None) > --- PROPULSION (6) --- (None) > --- UTILITY (14) ----- Advanced Heat Sink High-capacity Storage Unit Matter Compressor Improved Matter Compressor 0b10 Alert Chip Advanced Targeting Computer Advanced Target Analyzer Advanced Core Analyzer Improved Armor Integrity Analyzer > --- WEAPON (3) ------- Enhanced Nova Cannon > --- INVENTORY (20) --- Reinforced Fission Core Small Battery (100) Advanced Transmission Jammer Improved Focal Shield Thermal Barrier Point Defense System Heavy Rocket Launcher Enhanced Force Lance Peak State ------------ > --- POWER ------------ Quantum Reactor Quantum Reactor > --- PROPULSION ------- Armored Heavy Treads Armored Heavy Treads Improved Heavy Siege Treads > --- UTILITY ---------- High-capacity Storage Unit Machine Analyzer 0b10 Alert Chip Advanced Targeting Computer Advanced Targeting Computer Advanced Target Analyzer Advanced Core Analyzer Improved Armor Integrity Analyzer Advanced Transmission Jammer Improved Utility Shielding Heavy Reactive Plating Thermal Barrier Improved Remote Shield > --- WEAPON ----------- KE Penetrator Heavy Gauss Cannon Linear Accelerator > --- INVENTORY -------- Quantum Reactor Biometal Medium Treads Advanced Heavy Treads Advanced Heavy Siege Treads Advanced Heat Sink Small Battery High-capacity Matter Pod Matter Compressor Improved Focal Shield Advanced Thermal Shield Experimental Thermal Shield Antimissile System Improved System Restoration Module Matter Neutralizer Enhanced Nova Cannon KE Penetrator Point Singularity Launcher Enhanced Force Lance [Rating: 174] Favorites ----------- Power Quantum Reactor Engine Reinforced Deuterium Engine Power Core Enhanced Nuclear Core Reactor Quantum Reactor Propulsion Light Treads Treads Light Treads Leg Biometal Leg Wheel Armored Wheel Utility Advanced Targeting Computer Device Structural Scanner Storage High-capacity Storage Unit Processor Advanced Targeting Computer Hackware Improved Hacking Suite Protection Centrium Medium Armor Plating Weapon KE Penetrator Energy Gun Improved Spread Laser Energy Cannon Particle Cannon Ballistic Gun KE Penetrator Ballistic Cannon Heavy Gauss Cannon Launcher Rocket Launcher Impact Weapon Hammer Slashing Weapon Great Axe Piercing Weapon Enhanced Force Lance Build | -11 -10 -10 -9 -9 -9 -8 -8 -7 -7 -7 -6 -5 -4 -4 -4 -4 -4 -3 -2 -1 -1 ------- Run | Scr Mat Min Mat Min Exi Min Mat Fac Was Fac Fac Fac Fac Ext Cet Arc Hub Res Res Acc Com Slots Evolved 18 | . . . 2 . . . 2 2 . . 2 2 2 . . . . 2 2 2 . Power 1 | . . . . . . . . . . . . . . . . . . . . 1 . Propulsion 4 | . . . 1 . . . 1 . . . . . . . . . . 1 1 . . Utility 12 | . . . 1 . . . 1 2 . . 2 2 2 . . . . 1 1 . . Weapon 1 | . . . . . . . . . . . . . . . . . . . . 1 . Parts Attached 368 | 2 4 3 21 . 1 . 33 33 1 15 5 24 28 22 15 3 2 42 61 18 35 Power 16 | . . . 1 . . . 3 1 . 1 . . 1 1 1 . . 1 2 1 3 Engine 5 | . . . 1 . . . 3 . . 1 . . . . . . . . . . . Core 2 | . . . . . . . . 1 . . . . . 1 . . . . . . . Reactor 9 | . . . . . . . . . . . . . 1 . 1 . . 1 2 1 3 Propulsion 50 | 1 1 . 5 . . . 7 4 1 3 . 5 1 4 1 . 1 3 7 2 4 Treads 35 | . 1 . 4 . . . 4 2 . 3 . 3 1 3 1 . 1 2 4 2 4 Leg 1 | . . . . . . . . . . . . . . . . . . . 1 . . Wheel 14 | 1 . . 1 . . . 3 2 1 . . 2 . 1 . . . 1 2 . . Hover . | . . . . . . . . . . . . . . . . . . . . . . Flight . | . . . . . . . . . . . . . . . . . . . . . . Utility 204 | 1 1 1 12 . 1 . 15 17 . 8 5 10 19 13 8 2 . 27 38 9 17 Device 148 | 1 . . 12 . . . 13 12 . 5 3 9 14 8 6 2 . 22 28 4 9 Storage 16 | . 1 1 . . 1 . . . . 1 . . 1 2 . . . . 5 2 2 Processor 16 | . . . . . . . 1 3 . . 2 1 2 1 . . . . 3 1 2 Hackware 2 | . . . . . . . . . . . . . . 1 . . . 1 . . . Protection 22 | . . . . . . . 1 2 . 2 . . 2 1 2 . . 4 2 2 4 Artifact . | . . . . . . . . . . . . . . . . . . . . . . Weapon 98 | . 2 2 3 . . . 8 11 . 3 . 9 7 4 5 1 1 11 14 6 11 Energy Gun 7 | . . . . . . . 2 3 . . . 1 . . . . . . 1 . . Energy Cannon 10 | . 1 . 1 . . . . . . . . . 1 1 . . . 2 3 . 1 Ballistic Gun 42 | . 1 1 2 . . . 5 3 . 2 . 4 3 1 3 1 1 6 5 3 1 Ballistic Cannon 13 | . . . . . . . . . . . . . 2 2 . . . 1 2 . 6 Launcher 7 | . . 1 . . . . 1 . . . . 1 . . 1 . . . 1 1 1 Special Weapon . | . . . . . . . . . . . . . . . . . . . . . . Impact Weapon 2 | . . . . . . . . 2 . . . . . . . . . . . . . Slashing Weapon 9 | . . . . . . . . 3 . 1 . 3 1 . 1 . . . . . . Piercing Weapon 8 | . . . . . . . . . . . . . . . . . . 2 2 2 2 Special Melee Weapon . | . . . . . . . . . . . . . . . . . . . . . . Unidentified Prototypes 24 | . . . . . . . 3 4 . . . 1 2 . 4 . . 3 4 . 3 Corrupted Parts 4 | . . . . . . . . . . . . . . . 2 . 1 1 . . . System Corruption 14 | . . . . . . . . . . . . . . . 8 . 5 1 . . . Parts Lost 58 | . . . . . . . 4 1 1 . . 2 . 7 . . . . 17 1 25 Power 6 | . . . . . . . 1 . . . . . . 1 . . . . 1 . 3 Propulsion 13 | . . . . . . . 1 . 1 . . . . 1 . . . . 3 . 7 Utility 25 | . . . . . . . 1 . . . . 1 . 4 . . . . 10 1 8 Weapon 14 | . . . . . . . 1 1 . . . 1 . 1 . . . . 3 . 7 Highest Loss Streak 12 | . . . . . . . 2 1 1 . . 1 . 3 . . . . 3 1 12 Average Slot Usage (%) 92 | . 100 100 100 100 100 100 99 98 96 98 97 92 93 93 90 89 88 89 89 84 80 Engine 3 | . 14 14 11 11 11 11 9 3 . 6 6 5 . . . . . . . . . Reactor 2 | . . . . . . . . . . . . . 4 3 3 5 5 4 3 8 8 Treads 11 | . 13 14 22 22 22 22 18 15 7 14 13 11 10 9 6 5 5 3 6 13 11 Wheel 8 | . 14 14 11 11 11 11 17 15 21 15 13 5 5 4 5 5 5 9 10 . . Device 14 | . 14 14 22 22 22 22 17 17 7 7 6 18 18 17 15 10 10 12 12 12 11 Storage 8 | . 14 14 11 11 11 11 9 7 7 7 6 5 5 6 10 10 10 9 10 5 6 Processor 22 | . . . . . . . 9 18 23 23 30 29 29 31 31 31 31 28 27 30 25 Protection 5 | . . . . . . . . 1 5 7 6 2 7 4 4 10 10 9 7 4 5 Energy Gun 2 | . 11 . . . . . 5 5 7 7 6 3 3 . . . . . . . . Energy Cannon 1 | . 2 14 11 11 11 11 1 . . . . . 1 1 . . . . 1 1 . Ballistic Gun 5 | . 14 4 10 11 11 11 11 2 7 3 6 3 4 5 4 10 9 6 3 2 4 Ballistic Cannon 1 | . . . . . . . . . . . . . . 3 4 . . . 2 4 5 Naked Turns . | . . . . . . . . . . . . . . . . . . . . . . Heaviest Build 161 | 14 31 54 57 57 57 57 60 63 63 71 74 78 96 98 99 99 99 113 118 142 161 Greatest Support 210 | 20 20 16 16 10 10 10 63 26 36 24 24 28 28 28 80 28 28 80 138 198 210 Greatest Overweight (x) 5 | . 1 3 5 5 5 5 2 2 2 2 3 3 3 3 3 3 3 2 3 1 . Average Overweight (x) 1 | . . 1 3 5 5 5 1 2 1 2 2 2 2 2 1 3 3 1 1 . . Largest Inventory Capacity 20 | 8 15 20 20 20 20 20 20 20 20 20 20 20 20 20 20 20 20 20 20 20 20 Average Capacity 19 | 8 14 16 20 20 20 20 20 20 20 20 20 20 20 20 20 20 20 20 20 20 20 Most Carried 20 | 8 15 15 20 20 20 20 20 20 20 20 20 20 20 20 20 20 20 20 20 20 20 Average Carried 18 | 7 13 14 19 20 20 20 19 19 20 19 19 19 19 18 19 19 19 19 18 19 16 Final Capacity 20 | 8 15 20 20 20 20 20 20 20 20 20 20 20 20 20 20 20 20 20 20 20 20 Final Carried 20 | 8 15 15 20 20 20 20 20 20 20 20 20 20 20 19 20 20 20 20 20 19 8 Class Distribution -------------------- 19% | Scavenger-Skirmisher 18% | Mutant 17% | Skirmisher 13% | Scavenger-Mutant 10% | Assassin 6% | Scavenger-Assassin 3% | Infiltrator-Assassin 3% | Gunner Dominant Class ---------------- Mutant | -10/Materials Mutant | -10/Mines Scavenger-Mutant | -9/Materials Scavenger-Mutant | -9/Mines Scavenger-Mutant | -9/Exiles Scavenger-Mutant | -8/Mines Scavenger-Mutant | -8/Materials Assassin | -7/Factory Mutant | -7/Waste Assassin | -7/Factory Skirmisher | -6/Factory Skirmisher | -5/Factory Skirmisher | -4/Factory Skirmisher | -4/Extension Scavenger-Mutant | -4/Cetus Scavenger-Skirmisher | -4/Archives Scavenger-Skirmisher | -4/Hub_04(d) Scavenger-Skirmisher | -3/Research Scavenger-Skirmisher | -2/Research Infiltrator-Assassin | -1/Access Gunner | -1/Command Resources | -11 -10 -10 -9 -9 -9 -8 -8 -7 -7 -7 -6 -5 -4 -4 -4 -4 -4 -3 -2 -1 -1 ----------- Run | Scr Mat Min Mat Min Exi Min Mat Fac Was Fac Fac Fac Fac Ext Cet Arc Hub Res Res Acc Com Matter Collected 9682 | 223 408 20 286 22 . . 534 288 . 250 99 469 501 736 263 116 38 1004 1729 676 2020 Remotely 3725 | 10 276 20 286 22 . . 396 151 . . . 469 382 522 233 . . 395 75 217 271 Salvage Created 10325 | 74 414 16 304 . . . 692 332 . 496 99 836 604 801 154 72 24 1174 1557 404 2272 Parts 512 | 6 20 3 33 . . . 49 14 . 22 4 35 35 25 8 . . 69 92 27 70 Haulers Intercepted 6 | . 2 . 2 . . . . 1 . 1 . . . . . . . . . . . Recyclers Shooed 8 | . 1 . . . . . . . . . . 3 . 1 . . . 1 1 . 1 Parts Field Recycled . | . . . . . . . . . . . . . . . . . . . . . . Retrieved Matter . | . . . . . . . . . . . . . . . . . . . . . . Parts Self-Destructed . | . . . . . . . . . . . . . . . . . . . . . . Prevented . | . . . . . . . . . . . . . . . . . . . . . . Kills | -11 -10 -10 -9 -9 -9 -8 -8 -7 -7 -7 -6 -5 -4 -4 -4 -4 -4 -3 -2 -1 -1 ------- Run | Scr Mat Min Mat Min Exi Min Mat Fac Was Fac Fac Fac Fac Ext Cet Arc Hub Res Res Acc Com Combat Hostiles Destroyed 167 | . 6 3 6 . . . 20 5 . 6 2 11 9 7 3 1 . 17 28 9 34 Melee 1 | . . . . . . . . . . . . . . . . . . . . . 1 Guns 91 | . 6 . 1 . . . 16 5 . 6 2 5 8 4 1 1 . 17 12 1 6 Cannons 37 | . . . 5 . . . 2 . . . . . . 3 . . . . 16 3 8 AOE 37 | . . 3 . . . . 2 . . . . 6 . . 2 . . . . 5 19 Classes Destroyed 16 | 2 6 . 2 . . . 3 1 . . . . . 1 . . . . . . 1 Worker 9 | . . . . . . . 1 . . . . 1 . . . . 1 2 . 2 2 Builder 7 | . 2 . . . . . . . . . . . . . . . . 1 4 . . Tunneler 1 | 1 . . . . . . . . . . . . . . . . . . . . . Hauler 6 | . 2 . 2 . . . . 1 . 1 . . . . . . . . . . . Recycler 14 | 1 . . . . . . . . . 2 . 3 1 3 . . . . . 1 3 Mechanic 2 | . 1 . . . . . . . . 1 . . . . . . . . . . . Operator 4 | . . . 1 . . . 1 . . . . . 1 1 . . . . . . . Watcher 11 | . 2 . 1 . . . . 2 . 2 . 1 . . . . . . 2 . 1 Swarmer 49 | . 3 3 4 . . . 9 . . 3 . 5 4 . 2 . . 1 5 . 10 Grunt 18 | . 3 . . . . . 6 2 . 1 . 2 . 1 . . . 2 1 . . Brawler 2 | . . . . . . . . . . . . . . . . . . . . . 2 Duelist 3 | . . . . . . . 1 . . . . . . . . . . . . . 2 Sentry 20 | . . . 2 . . . 3 1 . 1 2 1 3 3 . 1 . . 2 . 1 Hunter 25 | . . . . . . . 1 . . . . 1 . 2 . . . 5 3 3 10 Programmer 44 | . . . . . . . . 2 . 1 . 2 2 . . . . 9 17 6 5 Behemoth 1 | . . . . . . . . . . . . . . 1 . . . . . . . Cetus Guard 1 | . . . . . . . . . . . . . . . 1 . . . . . . M Guard 2 | . . . . . . . . . . . . . . . . . . . . . 2 Combat Programmer 2 | . . . . . . . . . . . . . . . . . . . . . 2 Best Kill Streak 21 | 2 5 3 4 . . . 7 2 . 3 2 5 4 3 2 1 1 5 5 5 21 Combat Bots Only 20 | . 3 3 4 . . . 6 2 . 2 2 5 4 2 2 1 . 4 5 5 20 Max Kills in Single Turn 5 | 1 1 2 1 . . . 2 1 . 1 1 3 1 1 1 1 1 1 2 2 5 Gunslinging . | . . . . . . . . . . . . . . . . . . . . . . Exploded 5 | . . 2 . . . . 2 . . . . 3 . . 1 . . . . 2 5 Melee 1 | . . . . . . . . . . . . . . . . . . . . . 1 Uniques/NPCs Destroyed 1 | . . . . . . . . . . . . . . . 1 . . . . . . A7 (-4/Cetus) Combat | -11 -10 -10 -9 -9 -9 -8 -8 -7 -7 -7 -6 -5 -4 -4 -4 -4 -4 -3 -2 -1 -1 -------- Run | Scr Mat Min Mat Min Exi Min Mat Fac Was Fac Fac Fac Fac Ext Cet Arc Hub Res Res Acc Com Damage Taken 21931 | . 205 77 137 . . . 1091 229 35 231 386 796 440 1864 140 60 47 1904 4853 863 8573 Core 1713 | . 32 25 14 . . . 148 31 . 47 74 64 44 198 21 . . 82 327 38 568 Absorbed by Shields 2347 | . . . 13 . . . 90 33 . . 30 159 299 365 92 . . 401 418 . 447 Reduced by Siege Mode 1812 | . . . . . . . . . . . . . . . . . . 93 389 74 1256 Core Remaining (%) 86 | 100 . 77 . . . 96 73 . . 88 91 93 . . . . 77 93 77 . . Volleys Fired 594 | 3 36 6 22 . . . 54 22 . 9 7 33 31 65 13 7 3 68 117 12 86 Largest 3 | 2 2 2 2 . . . 2 2 . 2 2 2 2 2 2 2 2 2 2 3 3 Hottest 198 | 70 70 101 88 . . . 91 105 . 103 103 108 132 133 90 61 66 105 174 127 198 Shots Fired 1131 | 6 72 7 44 . . . 101 33 . 18 14 64 57 114 21 14 5 131 204 28 198 Gun 770 | 6 72 . 22 . . . 90 33 . 18 14 62 49 61 10 14 5 127 104 16 67 Cannon 339 | . . 1 22 . . . 9 . . . . . 8 53 8 . . 4 100 8 126 Launcher 22 | . . 6 . . . . 2 . . . . 2 . . 3 . . . . 4 5 Special . | . . . . . . . . . . . . . . . . . . . . . . Kinetic 904 | 3 36 . 22 . . . 71 14 . 9 7 52 42 103 18 14 5 127 164 24 193 Thermal 205 | 3 36 1 22 . . . 28 19 . 9 7 10 15 11 . . . 4 40 . . Explosive 22 | . . 6 . . . . 2 . . . . 2 . . 3 . . . . 4 5 Electromagnetic . | . . . . . . . . . . . . . . . . . . . . . . Robot Hit Streak 58 | 4 12 2 8 . . . 15 27 . 19 40 35 27 34 10 7 3 33 58 20 33 Robot Miss Streak 5 | 1 2 5 4 . . . 4 2 . 1 1 3 1 2 1 2 2 2 4 1 3 Penetration Max 2 | . . . . . . . 1 . . . . 1 1 1 1 1 . 1 2 1 . Secondary Targets 6 | . 1 . . . . . . . . . . 1 1 . . . . 2 1 . . Max Gunslinging Chain 1 | . 1 . . . . . . . . . . 1 1 . . . . 1 1 . . Shots Hit Robots 978 | 4 54 2 28 . . . 68 33 . 26 13 57 46 96 26 11 3 112 158 22 219 Core Hits 517 | 3 21 3 13 . . . 35 25 . 25 13 35 21 36 13 4 1 50 67 23 129 Critical Kills 24 | . 1 . . . . . 2 . . . . 1 2 5 1 . . 6 2 . 4 Critical Parts Destroyed 27 | . . . . . . . 1 . . . . . . 2 . . . 7 10 1 6 Critical Strikes 100 | . 5 . . . . . 4 . . . . 1 4 14 3 1 . 14 24 4 26 Burn 5 | . 4 . . . . . 1 . . . . . . . . . . . . . . Meltdown 1 | . . . . . . . 1 . . . . . . . . . . . . . . Destroy 55 | . 1 . . . . . 2 . . . . 1 2 11 1 1 . 13 12 1 10 Blast 35 | . . . . . . . . . . . . . 2 3 1 . . . 12 2 15 Sever 1 | . . . . . . . . . . . . . . . 1 . . . . . . Puncture 3 | . . . . . . . . . . . . . . . . . . 1 . 1 1 Melee Attacks 138 | . . . . . . . . 10 . 20 . 11 2 . 9 . . 13 13 11 49 Impact 7 | . . . . . . . . 7 . . . . . . . . . . . . . Slashing 45 | . . . . . . . . 3 . 20 . 11 2 . 9 . . . . . . Piercing 86 | . . . . . . . . . . . . . . . . . . 13 13 11 49 Sneak Attacks 20 | . . . . . . . . 1 . 3 . . . . 9 . . 2 2 2 1 Combat Hostiles . | . . . . . . . . . . . . . . . . . . . . . . Follow-up Attacks . | . . . . . . . . . . . . . . . . . . . . . . Damage Inflicted 40587 | 38 561 192 430 . . . 1369 697 . 1093 344 1974 1147 2867 1735 221 76 2965 5766 2322 16790 Guns 14251 | 38 561 . 102 . . . 942 661 . 384 344 1246 1046 1388 274 221 76 2731 2641 310 1286 Cannons 8989 | . . . 328 . . . 166 . . . . . 101 1479 315 . . . 2662 267 3671 Explosions 8932 | . . 192 . . . . 261 . . . . 680 . . 397 . . . . 1359 6043 Melee 8415 | . . . . . . . . 36 . 709 . 48 . . 749 . . 234 463 386 5790 Ramming . | . . . . . . . . . . . . . . . . . . . . . . Kinetic 19525 | 13 213 . 102 . . . 661 203 . 114 126 915 877 2618 589 221 76 2731 4532 577 4957 Thermal 4047 | 25 348 . 328 . . . 447 458 . 270 218 663 270 249 . . . . 771 . . Explosive 8600 | . . 192 . . . . 261 . . . . 348 . . 397 . . . . 1359 6043 Electromagnetic . | . . . . . . . . . . . . . . . . . . . . . . Impact 36 | . . . . . . . . 36 . . . . . . . . . . . . . Slashing 1506 | . . . . . . . . . . 709 . 48 . . 749 . . . . . . Piercing 6873 | . . . . . . . . . . . . . . . . . . 234 463 386 5790 Highest Corruption 25 | . . . . . . . . . . 1 . . 4 3 7 4 7 3 19 2 25 Average Corruption 6 | . . . . . . . . . . 1 . . 2 2 4 2 2 1 10 1 13 Corruption Purged 60 | . . . . . . . . . . . . . 3 4 4 4 . 12 23 4 6 Effects 141 | . . . . . . . . . . 1 . . 12 6 4 7 2 4 72 2 31 Message Errors 27 | . . . . . . . . . . . . . 3 3 1 4 . 1 13 . 2 Matter Fused 35 | . . . . . . . . . . . . . 4 . 2 . . 1 21 . 7 Heat Flow Errors 20 | . . . . . . . . . . . . . 1 2 . 1 1 1 8 1 5 Energy Discharges 13 | . . . . . . . . . . . . . 2 . . . . . 9 1 1 Parts Rejected 1 | . . . . . . . . . . . . . . . . . . . . . 1 Data Loss (minor) 18 | . . . . . . . . . . 1 . . 2 1 1 2 . . 7 . 4 Data Loss (major) 5 | . . . . . . . . . . . . . . . . . . . 4 . 1 Misfires 4 | . . . . . . . . . . . . . . . . . . . 2 . 2 Alerts 2 | . . . . . . . . . . . . . . . . . . . 2 . . Misdirections 7 | . . . . . . . . . . . . . . . . . . . 5 . 2 Weapon Failures 9 | . . . . . . . . . . . . . . . . . 1 1 1 . 6 Overload Shots . | . . . . . . . . . . . . . . . . . . . . . . Overflow Damage 2371 | . . 2 1 . . . 30 . . 136 . 131 . 42 99 . . 17 389 37 1487 Projectiles 215 | . . . 1 . . . . . . . . . . 42 . . . . 86 . 86 Explosions 882 | . . 2 . . . . 30 . . . . 118 . . 8 . . . . 37 687 Melee 1274 | . . . . . . . . . . 136 . 13 . . 91 . . 17 303 . 714 Knockbacks 41 | . . . . . . . . . . . . . . 9 . . . . 13 1 18 Impact . | . . . . . . . . . . . . . . . . . . . . . . Kinetic 37 | . . . . . . . . . . . . . . 7 . . . . 12 1 17 Secondary 4 | . . . . . . . . . . . . . . 2 . . . . 1 . 1 Self-Inflicted Damage 161 | . . 23 . . . . . . . . . 68 . . . . . . . . 70 Shots 3 | . . 1 . . . . . . . . . 1 . . . . . . . . 1 Rammed . | . . . . . . . . . . . . . . . . . . . . . . Targets Rammed . | . . . . . . . . . . . . . . . . . . . . . . Kicked . | . . . . . . . . . . . . . . . . . . . . . . Crushed . | . . . . . . . . . . . . . . . . . . . . . . Highest Temperature 456 | 40 207 39 110 . . . 54 450 . . . 135 148 230 . 213 271 228 272 216 456 Average Temperature 96 | 19 51 20 32 . . . 15 66 . . . 71 36 38 . 109 141 71 81 75 197 Received Heat Transfer 1589 | . 99 . 15 . . . 326 73 . 18 106 51 58 318 . . 6 127 45 . 347 Effects 12 | . . . . . . . . . . . . . . . . . . . . . 12 Shutdowns 5 | . . . . . . . . . . . . . . . . . . . . . 5 Energy Bleed 2 | . . . . . . . . . . . . . . . . . . . . . 2 Matter Decay 1 | . . . . . . . . . . . . . . . . . . . . . 1 Damage (minor) 1 | . . . . . . . . . . . . . . . . . . . . . 1 Damage (major) 3 | . . . . . . . . . . . . . . . . . . . . . 3 Siege Activations 21 | . . . . . . . . . . . . . . . . . . 4 7 3 7 Total Turns 691 | . . . . . . . . . . . . . . . . . . 151 275 32 233 Longest Duration 122 | . . . . . . . . . . . . . . . . . . 73 119 12 122 Robots Corrupted . | . . . . . . . . . . . . . . . . . . . . . . Combat Hostiles . | . . . . . . . . . . . . . . . . . . . . . . Parts Fried 2 | . 1 . . . . . . . . . . . . 1 . . . . . . . Impact Corruptions . | . . . . . . . . . . . . . . . . . . . . . . Robots Melted 2 | . . . . . . . 1 . . . . . 1 . . . . . . . . Combat Hostiles 1 | . . . . . . . . . . . . . 1 . . . . . . . . Parts Melted 11 | . 3 . . . . . 1 2 . 1 . 2 1 . . . . . 1 . . Heat Transferred 6057 | 74 1332 . 592 . . . 962 860 . 210 180 515 444 259 . . . . 629 . . Parts Sabotaged . | . . . . . . . . . . . . . . . . . . . . . . Parts Stolen . | . . . . . . . . . . . . . . . . . . . . . . Parts Stripped . | . . . . . . . . . . . . . . . . . . . . . . Power Chain Reactions . | . . . . . . . . . . . . . . . . . . . . . . Missiles Intercepted 37 | . . . . . . . . . . . . . . . . . . . . . 37 Alert | -11 -10 -10 -9 -9 -9 -8 -8 -7 -7 -7 -6 -5 -4 -4 -4 -4 -4 -3 -2 -1 -1 ------- Run | Scr Mat Min Mat Min Exi Min Mat Fac Was Fac Fac Fac Fac Ext Cet Arc Hub Res Res Acc Com Peak Influence 469 | 10 175 130 235 35 . . 469 239 98 145 166 361 300 216 418 382 264 467 422 256 467 Initial 240 | . 6 30 50 35 . . . 212 83 61 63 81 53 73 77 167 133 138 142 240 129 Average 169 | 7 102 95 136 35 . . 271 133 90 73 98 157 111 88 269 364 194 235 251 213 137 Maximum Alert Level 2 | . . . 1 . . . 2 1 . . . 1 1 1 2 1 1 2 2 1 2 Low Security (%) 63 | 100 100 100 94 100 . 100 38 56 100 100 100 72 85 92 52 3 43 34 26 23 93 Level 1 32 | . . . 5 . . . 31 43 . . . 27 14 7 8 96 56 61 65 76 6 Level 2 3 | . . . . . . . 29 . . . . . . . 39 . . 3 8 . . Level 3 . | . . . . . . . . . . . . . . . . . . . . . . Level 4 . | . . . . . . . . . . . . . . . . . . . . . . Level 5 . | . . . . . . . . . . . . . . . . . . . . . . High Security . | . . . . . . . . . . . . . . . . . . . . . . Max Security . | . . . . . . . . . . . . . . . . . . . . . . Squads Dispatched 38 | . 1 . 1 . . . 2 4 . 2 . 4 2 2 . . . 7 8 2 3 Investigation 7 | . 1 . 1 . . . . 1 . . . 2 . . . . . 1 1 . . Extermination 21 | . . . . . . . . 2 . 1 . 1 2 . . . . 4 6 2 3 Reinforcement 9 | . . . . . . . 2 . . 1 . 1 . 2 . . . 2 1 . . Assault . | . . . . . . . . . . . . . . . . . . . . . . Garrison 1 | . . . . . . . . 1 . . . . . . . . . . . . . Intercept . | . . . . . . . . . . . . . . . . . . . . . . Construction Impeded 1 | . . . . . . . . . . . . . . . . . . 1 . . . Haulers Reinforced . | . . . . . . . . . . . . . . . . . . . . . . Cargo Convoy Interrupts . | . . . . . . . . . . . . . . . . . . . . . . Stealth | -11 -10 -10 -9 -9 -9 -8 -8 -7 -7 -7 -6 -5 -4 -4 -4 -4 -4 -3 -2 -1 -1 --------- Run | Scr Mat Min Mat Min Exi Min Mat Fac Was Fac Fac Fac Fac Ext Cet Arc Hub Res Res Acc Com Distress Signals 16 | . 2 . . . . . 4 1 . 1 . 1 . . 1 . . 2 1 . 3 Communications Jammed 7 | . . . . . . . . . . . . . . 2 . . . . 4 1 . Distress Signals 3 | . . . . . . . . . . . . . . 2 . . . . 1 . . Times Spotted 314 | . 14 3 9 . . . 34 14 5 10 2 16 10 29 10 6 1 36 44 10 61 Peak Tracking Total 45 | . 4 3 4 . . . 9 5 5 2 2 5 3 5 5 2 1 5 8 5 45 Tactical Retreats 16 | . . . 1 . . . 6 1 1 . . . . 1 . . . 3 2 . 1 Traps | -11 -10 -10 -9 -9 -9 -8 -8 -7 -7 -7 -6 -5 -4 -4 -4 -4 -4 -3 -2 -1 -1 ------- Run | Scr Mat Min Mat Min Exi Min Mat Fac Was Fac Fac Fac Fac Ext Cet Arc Hub Res Res Acc Com Traps Triggered 13 | . 1 . . . . . . 2 . 1 . 2 . 2 . . 1 2 2 . . Indirectly . | . . . . . . . . . . . . . . . . . . . . . . Trap Hack Attempts . | . . . . . . . . . . . . . . . . . . . . . . Triggered . | . . . . . . . . . . . . . . . . . . . . . . Disarmed . | . . . . . . . . . . . . . . . . . . . . . . Reprogrammed 4 | . 4 . . . . . . . . . . . . . . . . . . . . Reused 1 | . 1 . . . . . . . . . . . . . . . . . . . . Traps Extracted . | . . . . . . . . . . . . . . . . . . . . . . Installed . | . . . . . . . . . . . . . . . . . . . . . . Triggered 1 | . 1 . . . . . . . . . . . . . . . . . . . . Machines | -11 -10 -10 -9 -9 -9 -8 -8 -7 -7 -7 -6 -5 -4 -4 -4 -4 -4 -3 -2 -1 -1 ---------- Run | Scr Mat Min Mat Min Exi Min Mat Fac Was Fac Fac Fac Fac Ext Cet Arc Hub Res Res Acc Com Machines Disabled 18 | . . 2 . . . . . 1 . . . 6 . 3 . 2 . . 3 . 1 Max in Single Turn 4 | . . 2 . . . . . 1 . . . 4 . 1 . 1 . . 1 . 1 Garrison Access 3 | . . . . . . . 1 . . . 1 . . . . . . 1 . . . Machines Sabotaged . | . . . . . . . . . . . . . . . . . . . . . . Garrisons Compromised . | . . . . . . . . . . . . . . . . . . . . . . Overloaded Fab Kills . | . . . . . . . . . . . . . . . . . . . . . . Fab Network Shutdowns . | . . . . . . . . . . . . . . . . . . . . . . Hacking | -11 -10 -10 -9 -9 -9 -8 -8 -7 -7 -7 -6 -5 -4 -4 -4 -4 -4 -3 -2 -1 -1 --------- Run | Scr Mat Min Mat Min Exi Min Mat Fac Was Fac Fac Fac Fac Ext Cet Arc Hub Res Res Acc Com Machines Accessed 75 | . 4 . 6 . 2 . 3 6 . 3 3 9 2 11 . . 4 8 6 4 4 Terminals 53 | . 4 . 6 . . . 1 4 . 1 2 5 2 9 . . 4 5 3 3 4 Fabricators 5 | . . . . . . . . . . 2 . 1 . . . . . 1 1 . . Repair Stations 1 | . . . . . . . . . . . . . . 1 . . . . . . . Recycling Units 5 | . . . . . . . . 1 . . . 1 . 1 . . . 1 1 . . Scanalyzers 1 | . . . . . . . 1 . . . . . . . . . . . . . . Garrison Access 8 | . . . . . . . 1 1 . . 1 2 . . . . . 1 1 1 . Total Hacks 180 | . 22 . 22 . 5 . 5 9 . 4 5 22 7 31 . . 13 15 7 4 9 Successful 87 | . 14 . 9 . 5 . 3 1 . 2 4 11 5 16 . . 6 3 1 3 4 Failed 92 | . 7 . 13 . . . 2 8 . 2 1 11 2 15 . . 7 12 6 1 5 Catastrophic 25 | . 1 . 1 . . . 1 4 . 1 . 5 1 2 . . 1 2 3 1 2 Database Lockouts 1 | . 1 . . . . . . . . . . . . . . . . . . . . Manual 99 | . 13 . 16 . 1 . 1 5 . 1 4 12 2 16 1 . 8 10 4 . 5 Terminals 143 | . 22 . 22 . . . 1 6 . 1 4 16 7 25 . . 13 10 4 3 9 Fabricators 7 | . . . . . . . . . . 3 . 2 . . . . . 1 1 . . Repair Stations 3 | . . . . . . . . . . . . . . 3 . . . . . . . Recycling Units 8 | . . . . . . . . 1 . . . 2 . 3 . . . 1 1 . . Scanalyzers 2 | . . . . . . . 2 . . . . . . . . . . . . . . Garrison Access 12 | . . . . . . . 2 2 . . 1 2 . . . . . 3 1 1 . Terminal Hacks 46 | . 8 . 6 . 5 . . 1 . . 1 5 4 8 . . 4 . . 3 1 Record 4 | . . . . . 4 . . . . . . . . . . . . . . . . Part Schematic 2 | . 1 . . . . . . . . . . 1 . . . . . . . . . Prototype ID Bank 12 | . 1 . 4 . . . . . . . . 2 1 3 . . 1 . . . . Open Door 7 | . . . . . . . . . . . . . 1 3 . . . . . 3 . Branch Access Points 3 | . 1 . . . . . . . . . 1 . 1 . . . . . . . . Alert Level 2 | . 1 . 1 . . . . . . . . . . . . . . . . . . Unreport Threat 2 | . . . . . . . . . . . . 1 . 1 . . . . . . . Locate Traps 7 | . 1 . . . . . . 1 . . . 1 1 1 . . 1 . . . 1 Reprogram Traps 1 | . 1 . . . . . . . . . . . . . . . . . . . . Transport Status 1 | . 1 . . . . . . . . . . . . . . . . . . . . Recall Investigation 1 | . . . 1 . . . . . . . . . . . . . . . . . . Hauler Manifests 1 | . 1 . . . . . . . . . . . . . . . . . . . . Zone Layout 2 | . . . . . . . . . . . . . . . . . 2 . . . . EX-Prototype ID Bank 1 | . . . . . 1 . . . . . . . . . . . . . . . . Fabricator Hacks 5 | . . . . . . . . . . 2 . 2 . . . . . . 1 . . Load Schematic 2 | . . . . . . . . . . 1 . 1 . . . . . . . . . Build 3 | . . . . . . . . . . 1 . 1 . . . . . . 1 . . Repair Station Hacks 2 | . . . . . . . . . . . . . . 2 . . . . . . . Scan Component 1 | . . . . . . . . . . . . . . 1 . . . . . . . Repair 1 | . . . . . . . . . . . . . . 1 . . . . . . . Recycling Unit Hacks 2 | . . . . . . . . . . . . 1 . 1 . . . . . . . Retrieve Components 2 | . . . . . . . . . . . . 1 . 1 . . . . . . . Scanalyzer 2 | . . . . . . . 2 . . . . . . . . . . . . . . Insert Component 1 | . . . . . . . 1 . . . . . . . . . . . . . . Analyze 1 | . . . . . . . 1 . . . . . . . . . . . . . . Garrison Access Hacks 3 | . . . . . . . 1 . . . 1 . . . . . . 1 . . . Seal Access 3 | . . . . . . . 1 . . . 1 . . . . . . 1 . . . Unauthorized Hacks 27 | . 6 . 3 . . . . . . . 2 3 1 5 . . 2 2 . . 3 Terminals 27 | . 6 . 3 . . . . . . . 2 3 1 5 . . 2 2 . . 3 Track 4 | . 3 . 1 . . . . . . . . . . . . . . . . . . Assimilate 1 | . . . . . . . . . . . . . . 1 . . . . . . . Botnet 21 | . 2 . 2 . . . . . . . 2 3 1 4 . . 2 2 . . 3 Operators 1 | . 1 . . . . . . . . . . . . . . . . . . . . Fabricators . | . . . . . . . . . . . . . . . . . . . . . . Repair Stations . | . . . . . . . . . . . . . . . . . . . . . . Recycling Units . | . . . . . . . . . . . . . . . . . . . . . . Scanalyzers . | . . . . . . . . . . . . . . . . . . . . . . Garrison Access . | . . . . . . . . . . . . . . . . . . . . . . Data Cores Recovered 2 | . . . 1 . . . . . . . . . . 1 . . . . . . . Used 2 | . . . 1 . . . . . . . . . . 1 . . . . . . . Hacking Detections 65 | . 2 . 6 . . . 3 6 . 3 2 8 2 9 1 . 3 8 6 2 4 Full Trace Events 3 | . . . 1 . . . . 1 . . . 1 . . . . . . . . . Feedback Events . | . . . . . . . . . . . . . . . . . . . . . . Feedback Blocked . | . . . . . . . . . . . . . . . . . . . . . . Robot Schematics Acquired . | . . . . . . . . . . . . . . . . . . . . . . Robots Built . | . . . . . . . . . . . . . . . . . . . . . . Matter . | . . . . . . . . . . . . . . . . . . . . . . Time . | . . . . . . . . . . . . . . . . . . . . . . Total Robot Build Rating . | . . . . . . . . . . . . . . . . . . . . . . Part Schematics Acquired 3 | . 1 . . . . . 1 . . . . 1 . . . . . . . . . Parts Built 5 | . . . . . . . . . . 1 . 2 . . . . . . 2 . . Matter 636 | . . . . . . . . . . 102 . 256 . . . . . . 278 . . Time 161 | . . . . . . . . . . 51 . 64 . . . . . . 46 . . Total Part Build Rating 35 | . . . . . . . . . . 1 . 16 . . . . . . 18 . . Parts Repaired 1 | . . . . . . . . . . . . . . 1 . . . . . . . Time 25 | . . . . . . . . . . . . . . 25 . . . . . . . Parts Recycled . | . . . . . . . . . . . . . . . . . . . . . . Recycled Matter . | . . . . . . . . . . . . . . . . . . . . . . Retrieved Matter . | . . . . . . . . . . . . . . . . . . . . . . Retrieved Components 13 | . . . . . . . . . . . . 3 . 10 . . . . . . . Parts Scanalyzed 1 | . . . . . . . 1 . . . . . . . . . . . . . . Part Schematics Acquired 1 | . . . . . . . 1 . . . . . . . . . . . . . . Parts Damaged . | . . . . . . . . . . . . . . . . . . . . . . Bothacking | -11 -10 -10 -9 -9 -9 -8 -8 -7 -7 -7 -6 -5 -4 -4 -4 -4 -4 -3 -2 -1 -1 ------------ Run | Scr Mat Min Mat Min Exi Min Mat Fac Was Fac Fac Fac Fac Ext Cet Arc Hub Res Res Acc Com Used RIF Installer . | . . . . . . . . . . . . . . . . . . . . . . Robots Hacked . | . . . . . . . . . . . . . . . . . . . . . . Non-combat . | . . . . . . . . . . . . . . . . . . . . . . Combat . | . . . . . . . . . . . . . . . . . . . . . . Robot Hacks Applied . | . . . . . . . . . . . . . . . . . . . . . . Relay Couplers Released . | . . . . . . . . . . . . . . . . . . . . . . Robots Rewired 10 | . . . . . . . . . . . . . . 10 . . . . . . . Allies Hacked 1 | . . . . . . . . . . . . . . 1 . . . . . . . Hacks Repelled . | . . . . . . . . . . . . . . . . . . . . . . Allies | -11 -10 -10 -9 -9 -9 -8 -8 -7 -7 -7 -6 -5 -4 -4 -4 -4 -4 -3 -2 -1 -1 -------- Run | Scr Mat Min Mat Min Exi Min Mat Fac Was Fac Fac Fac Fac Ext Cet Arc Hub Res Res Acc Com Total Allies 22 | . . . . . . . . . 1 3 . . . 13 5 . . . . . . Largest Group 7 | . . . . . . . . . 1 3 . . . 7 6 5 5 3 . . . Highest-Rated Group 631 | . . . . . . . . . 31 93 . . . 356 631 475 475 285 . . . Highest-Rated Ally 156 | . . . . . . . . . 31 31 . . . 156 156 95 95 95 . . . Total Orders . | . . . . . . . . . . . . . . . . . . . . . . Ally Attacks 214 | . . . . . . . . . 4 22 . . . 99 17 21 16 35 . . . Total Damage 6424 | . . . . . . . . . 86 377 . . . 2691 766 758 642 1104 . . . Kills 40 | . . . . . . . . . . 3 . . . 17 9 3 3 5 . . . Allies Corrupted 1 | . . . . . . . . . . . . . . . . . . 1 . . . Allies Melted . | . . . . . . . . . . . . . . . . . . . . . . Intel | -11 -10 -10 -9 -9 -9 -8 -8 -7 -7 -7 -6 -5 -4 -4 -4 -4 -4 -3 -2 -1 -1 ------- Run | Scr Mat Min Mat Min Exi Min Mat Fac Was Fac Fac Fac Fac Ext Cet Arc Hub Res Res Acc Com Robot Analysis Total . | . . . . . . . . . . . . . . . . . . . . . . Derelict Logs Recovered 2 | . . . . 2 . . . . . . . . . . . . . . . . . Drone Launches . | . . . . . . . . . . . . . . . . . . . . . . Drone Recoveries . | . . . . . . . . . . . . . . . . . . . . . . Exploration | -11 -10 -10 -9 -9 -9 -8 -8 -7 -7 -7 -6 -5 -4 -4 -4 -4 -4 -3 -2 -1 -1 ------------- Run | Scr Mat Min Mat Min Exi Min Mat Fac Was Fac Fac Fac Fac Ext Cet Arc Hub Res Res Acc Com Turns Passed 17348 | 57 604 373 542 151 670 42 705 1134 130 1057 391 1143 1007 1570 340 362 231 2252 2169 979 1439 Spaces Moved 9069 | 18 406 278 286 97 431 28 361 758 120 740 283 724 502 662 94 51 139 1098 1021 443 529 Core . | . . . . . . . . . . . . . . . . . . . . . . Treads 1530 | . 3 . . . . . 1 . . . . . . . 56 . . 290 208 443 529 Legs 6 | 6 . . . . . . . . . . . . . . . . . . . . . Wheels 7533 | 12 403 278 286 97 431 28 360 758 120 740 283 724 502 662 38 51 139 808 813 . . Hover . | . . . . . . . . . . . . . . . . . . . . . . Flight . | . . . . . . . . . . . . . . . . . . . . . . Fastest Speed 100 | 100 100 115 145 155 155 155 110 115 105 120 120 130 130 130 130 145 145 125 109 161 150 Average Speed 139 | 106 114 127 147 155 155 155 115 119 105 120 120 130 130 140 209 145 145 162 137 175 169 Slowest Speed 270 | 120 160 145 155 155 155 155 160 120 120 120 135 135 145 145 260 145 145 270 270 264 173 Overloaded Moves . | . . . . . . . . . . . . . . . . . . . . . . Propulsion Burnouts . | . . . . . . . . . . . . . . . . . . . . . . Robots Hopped . | . . . . . . . . . . . . . . . . . . . . . . Cave-ins Triggered . | . . . . . . . . . . . . . . . . . . . . . . Exploration Rate (%) 37 | 2 72 60 31 27 89 15 35 29 73 21 9 26 13 85 48 69 18 34 32 13 23 Regions Visited 21 Branch Regions 9 Pre-discovered Areas 2 | . . . . 1 1 . . . . . . . . . . . . . . . . Known Exits Taken 3 | . 1 . . . . . 1 . . . . . 1 . . . . . . . . Unknown Exits Taken 16 | 1 . 1 1 1 1 1 . . . 1 1 1 . 1 1 1 1 1 1 1 . Scrap Searched 1 | . . 1 . . . . . . . . . . . . . . . . . . . Spaces Dug 63 | . . . . . . . . 5 . 3 . 10 6 . . . . 12 20 7 . Terrain Destroyed 327 | . . 60 . . . . 18 5 . 4 . 61 11 10 38 1 1 15 40 28 35 Melee 42 | . . . . . . . . 5 . 3 . 10 2 . . . . 8 7 7 . Projectile 85 | . . . . . . . . . . 1 . . 9 10 . 1 1 7 33 3 20 AOE 200 | . . 60 . . . . 18 . . . . 51 . . 38 . . . . 18 15 Terrain Rammed . | . . . . . . . . . . . . . . . . . . . . . . Walls Destroyed . | . . . . . . . . . . . . . . . . . . . . . . Machines Disabled . | . . . . . . . . . . . . . . . . . . . . . . Actions | -11 -10 -10 -9 -9 -9 -8 -8 -7 -7 -7 -6 -5 -4 -4 -4 -4 -4 -3 -2 -1 -1 --------- Run | Scr Mat Min Mat Min Exi Min Mat Fac Was Fac Fac Fac Fac Ext Cet Arc Hub Res Res Acc Com Total 12417 | 49 487 289 365 98 436 27 556 942 123 861 320 843 790 1186 199 325 164 1403 1551 596 807 Wait 1759 | 25 14 . 17 2 . . 78 76 3 58 19 26 206 266 53 262 14 158 299 100 83 Move 9049 | 17 405 277 285 96 430 27 360 758 119 739 282 723 501 661 93 50 138 1097 1020 442 529 Hop . | . . . . . . . . . . . . . . . . . . . . . . Pick Up 133 | 1 16 1 10 . 2 . 9 10 . 9 4 8 7 11 4 1 3 9 14 4 10 Fast Attach 88 | 2 1 . . . . . 9 8 . . 1 7 8 6 5 1 1 8 19 2 10 Attach 71 | . . 1 3 . . . 5 4 . 3 1 8 1 8 1 . 1 3 15 3 14 Detach 34 | 1 . . . . . . 2 5 . . . 5 2 2 2 . . 2 10 2 1 Swap 212 | . 3 2 18 . 1 . 20 22 1 12 3 9 19 8 9 2 . 31 28 13 11 Drop 179 | . 12 2 10 . 3 . 19 19 . 11 3 13 13 7 10 2 4 14 16 7 14 Fire 594 | 3 36 6 22 . . . 54 22 . 9 7 33 31 65 13 7 3 68 117 12 86 Melee 138 | . . . . . . . . 10 . 20 . 11 2 . 9 . . 13 13 11 49 Ram . | . . . . . . . . . . . . . . . . . . . . . . Kick . | . . . . . . . . . . . . . . . . . . . . . . Crush . | . . . . . . . . . . . . . . . . . . . . . . Escape Stasis 30 | . . . . . . . . 8 . . . . . 22 . . . . . . . Rewire 130 | . . . . . . . . . . . . . . 130 . . . . . . . Trap . | . . . . . . . . . . . . . . . . . . . . . . Miscellaneous . | . . . . . . . . . . . . . . . . . . . . . . Route ------- -11/Scrapyard -10/Materials (discovered 4 exits: *Mat x2 / *Min x2) -10/Mines -9/Materials (discovered 2 exits: *Mat / [*Min]) -9/Mines -9/Exiles -8/Mines -8/Materials (discovered 2 exits: *Fac x2) -7/Factory -7/Waste -7/Factory -6/Factory (discovered 3 exits: *Fac / Low x2) -5/Factory (discovered 2 exits: *Fac / [*Upp]) -4/Factory (discovered 5 exits: *Upp x2 / *Ext x2 / Arm) -4/Extension (discovered 2 exits: *Res / *Cet) -4/Cetus -4/Archives (discovered 2 exits: *Res / *Hub) -4/Hub_04(d) (discovered 2 exits: *Res x2) -3/Research -2/Research (discovered 2 exits: *Acc / [*Qua]) -1/Access -1/Command History --------- Turn | Location | Event 1 | -11/Scrapyard | Discovered new exit (range 3) 58 | -11/Scrapyard | Entered Materials 213 | -10/Materials | Discovered new exit (range 16) 320 | -10/Materials | Build established: Mutant 352 | -10/Materials | Central database locked down 425 | -10/Materials | Identified exit to Mines 536 | -10/Materials | Discovered new exit (range 8) 662 | -10/Materials | Entered Mines 694 | -10/Mines | Found a hidden stash of uninstalled traps 735 | -10/Mines | Received a Rocket Launcher from a helpful Derelict 896 | -10/Mines | Discovered new exit (range 12) 1035 | -10/Mines | Entered Materials 1035 | -9/Materials | Evolved 2 slots: Propulsion x1, Utility x1 1288 | -9/Materials | Discovered new exit (range 11) 1499 | -9/Materials | Build established: Scavenger-Mutant 1568 | -9/Materials | Discovered new exit (range 6) 1577 | -9/Materials | Entered Mines 1601 | -9/Mines | Learned location of Zion (-7) 1721 | -9/Mines | Deemed a non-threat by the Exiles lab entrance 1721 | -9/Mines | Discovered new exit (range 6) 1728 | -9/Mines | Entered Exiles 1764 | -9/Exiles | Met 8R-AWN 1792 | -9/Exiles | Met EX-HEX 1899 | -9/Exiles | Met EX-BIN 1918 | -9/Exiles | Aligned with FarCom system 1920 | -9/Exiles | Given EX-Vault access code 1957 | -9/Exiles | Opened EX-Vault 1968 | -9/Exiles | Found 0b10 Alert Chip 2002 | -9/Exiles | Warned to stay clear of 0b10 Research branches 2045 | -9/Exiles | Met EX-DEC 2144 | -9/Exiles | Visited The Gauntlet 2386 | -9/Exiles | Discovered new exit (range 10) 2398 | -9/Exiles | Left Exiles lab with 0b10 Alert Chip 2398 | -9/Exiles | Entered Mines 2417 | -8/Mines | Discovered new exit (range 15) 2440 | -8/Mines | Entered Materials 2440 | -8/Materials | Evolved 2 slots: Propulsion x1, Utility x1 2441 | -8/Materials | Identified exit to Factory 3111 | -8/Materials | Discovered exit to Factory (range 15) 3145 | -8/Materials | Entered Factory 3145 | -7/Factory | Evolved 2 slots: Utility x2 3575 | -7/Factory | Build established: Assassin 3856 | -7/Factory | Discovered new exit (range 15) 3928 | -7/Factory | Garrison activated, responded to threat 4279 | -7/Factory | Sucked down chute 4279 | -7/Factory | Entered Waste 4280 | -7/Waste | Met a frightened Derelict 4288 | -7/Waste | Spotted C-40 Crusher 4325 | -7/Waste | Spotted C-40 Crusher 4333 | -7/Waste | Spotted C-40 Crusher 4374 | -7/Waste | Spotted C-40 Crusher 4380 | -7/Waste | Spotted C-40 Crusher 4387 | -7/Waste | Crushed by Compactor (1 part destroyed, 2 dropped) 4393 | -7/Waste | Discovered new exit (range 16) 4396 | -7/Waste | Spotted C-40 Crusher 4409 | -7/Waste | Entered Factory 4453 | -7/Factory | Allied Derelicts emerged from ambush trap array 5235 | -7/Factory | Fabricated Hcp. Storage Unit? 5405 | -7/Factory | Discovered new exit (range 16) 5466 | -7/Factory | Entered another Factory area 5466 | -6/Factory | Evolved 2 slots: Utility x2 5557 | -6/Factory | Identified exit to Lower Caves 5688 | -6/Factory | Build established: Skirmisher 5804 | -6/Factory | Discovered new exit (range 5) 5857 | -6/Factory | Entered another Factory area 5857 | -5/Factory | Evolved 2 slots: Utility x2 6245 | -5/Factory | Discovered new exit (range 11) 6896 | -5/Factory | Discovered new exit (range 16) 6950 | -5/Factory | Fabricated Adv. Force Field? 7000 | -5/Factory | Entered another Factory area 7000 | -4/Factory | Evolved 2 slots: Utility x2 7046 | -4/Factory | Discovered new exit (range 4) 7284 | -4/Factory | Identified exit to Upper Caves 7284 | -4/Factory | Identified exit to Extension 7284 | -4/Factory | Identified exit to Armory 8007 | -4/Factory | Entered Extension 8297 | -4/Extension | Rescued a captive Derelict 8581 | -4/Extension | P-70 Sage assimilated allied RB-KHC(g) 8824 | -4/Extension | Repaired Imp. Medium Treads 8975 | -4/Extension | Spotted B-86 Titan 9007 | -4/Extension | Destroyed B-86 Titan 9036 | -4/Extension | Lost 3 parts (1p1u1w) 9039 | -4/Extension | Spotted B-86 Titan 9053 | -4/Extension | Allies destroyed B-86 Titan 9130 | -4/Extension | Rescued a captive Derelict 9430 | -4/Extension | Rescued A7 9539 | -4/Extension | Discovered new exit (range 10) 9541 | -4/Extension | Discovered new exit (range 6) 9577 | -4/Extension | Entered Cetus 9577 | -4/Cetus | Accompanied by 3 allies (A7) 9582 | -4/Cetus | Acquired a Cetus Manufacturing Module code from A7 9601 | -4/Cetus | Spotted Cetus Guard 9602 | -4/Cetus | Allies destroyed Cetus Guard 9604 | -4/Cetus | Spotted Cetus Guard 9605 | -4/Cetus | Spotted Cetus Guard 9605 | -4/Cetus | Spotted Cetus Guard 9614 | -4/Cetus | Allies destroyed Cetus Guard 9616 | -4/Cetus | Allies destroyed Cetus Guard 9620 | -4/Cetus | Destroyed Cetus Guard 9728 | -4/Cetus | Started Cetus Manufacturing Module 9753 | -4/Cetus | Manufactured an Enhanced Grunt 9765 | -4/Cetus | Discovered new exit (range 16) 9778 | -4/Cetus | Manufactured an Enhanced Grunt 9803 | -4/Cetus | Manufactured an Enhanced Grunt 9828 | -4/Cetus | Manufactured an Enhanced Grunt 9853 | -4/Cetus | Manufactured an Enhanced Grunt 9877 | -4/Cetus | Found Prototype Protection 9878 | -4/Cetus | Identified Med. Regenerative Plating 9903 | -4/Cetus | Destroyed A7 9904 | -4/Cetus | Extracted ID and sensor layout for unrecognized location from A7's data core 9917 | -4/Cetus | Entered Archives 9917 | -4/Archives | Accompanied by 5 allies 9977 | -4/Archives | Discovered new exit (range 14) 9993 | -4/Archives | Discovered new exit (range 14) 10206 | -4/Archives | Build established: Scavenger-Skirmisher 10279 | -4/Archives | Entered Hub_04(d) 10279 | -4/Hub_04(d) | Accompanied by 5 allies 10307 | -4/Hub_04(d) | Discovered new exit (range 18) 10371 | -4/Hub_04(d) | Discovered new exit (range 13) 10510 | -4/Hub_04(d) | Entered Research 10510 | -3/Research | Accompanied by 3 allies 10510 | -3/Research | Evolved 2 slots: Propulsion x1, Utility x1 11301 | -3/Research | Found Enh. Force Lance 11896 | -3/Research | Build established: Scavenger-Assassin 12331 | -3/Research | Discovered new exit (range 10) 12509 | -3/Research | Build established: Scavenger-Skirmisher 12762 | -3/Research | Entered another Research area 12762 | -2/Research | Evolved 2 slots: Propulsion x1, Utility x1 13107 | -2/Research | Lost 3 parts (2u1w) 13290 | -2/Research | Fabricated Lgt. Quantum Reactor (x2) 13648 | -2/Research | System corruption reached 10% 13681 | -2/Research | Lost 3 parts (3u) 14119 | -2/Research | Found Prototype Device 14119 | -2/Research | Identified Exp. Thermal Shield 14121 | -2/Research | Found Hvy. Reactive Plating 14139 | -2/Research | Found Prototype Launcher 14139 | -2/Research | Identified Point Singularity Launcher 14301 | -2/Research | Build established: Scavenger-Assassin 14748 | -2/Research | Discovered new exit (range 12) 14827 | -2/Research | Discovered new exit (range 8) 14931 | -2/Research | Entered Access 14931 | -1/Access | Evolved 2 slots: Power x1, Weapon x1 15348 | -1/Access | Build established: Infiltrator-Assassin 15845 | -1/Access | Discovered new exit (range 7) 15910 | -1/Access | Entered Command 16071 | -1/Command | Found Antimissile System 16081 | -1/Command | Build established: Scavenger-Gunner 16402 | -1/Command | Build established: Gunner 16504 | -1/Command | Found Prototype Device 16504 | -1/Command | Identified Thermal Barrier 16834 | -1/Command | Found Hvy. Reactive Plating 16900 | -1/Command | Spotted M Guard 16902 | -1/Command | Spotted Combat Programmer 16902 | -1/Command | Spotted Combat Programmer 16911 | -1/Command | Spotted M Guard 16929 | -1/Command | System corruption reached 10% 16956 | -1/Command | Destroyed Combat Programmer 16980 | -1/Command | Destroyed Combat Programmer 17015 | -1/Command | Destroyed M Guard 17081 | -1/Command | Lost 12 parts (1p3n5u3w) 17086 | -1/Command | Destroyed M Guard 17086 | -1/Command | All MAIN.C guards destroyed 17274 | -1/Command | Build established: Mutant 17349 | -1/Command | Self-destructed Last Messages --------------- 17347_ Destroyed Hvy. Machine Gun. 17347_ Destroyed Xenon Bombardment Thruster. 17347_ S-43 Plague destroyed. 17347_ B-74 Champion destroyed. 17347_ Slug penetrates Reinforced Barrier. 17347_ L-61 Swordsman destroyed. 17347_ Slug penetrates Reinforced Barrier. 17347_ Penetrated by Slug. 17347_ Antimissile System destroyed. 17347_ Slug penetrates H-88 Terminator. 17347_ H-88 Terminator destroyed. 17347_ Penetrated by Slug. 17347_ R-10 Processor collects Lgt. Particle Reactor. 17347_ Slug penetrates Reinforced Barrier. 17347_ Penetrated by Slug. 17347_ Linear Accelerator destroyed. 17348_ Penetrated by Slug. 17348_ Slug penetrates Reinforced Barrier. 17348_ Quantum Reactor destroyed. 17348_ Point Singularity Launcher severed. Map ----- +----------------------------------------------------+ | ?????????????????????????????????????????????????? | | ?????????????????????????????????????????????????? | | ?????????????????????????????????????????????????# | | ?????????????????????????????????????????????????# | | ?????????????????????????????????????????????????# | | ?????????????????????????????????????????????????# | | ?????????????????????????????????????????????????# | | ?????????????????????????????????????????????????# | | ?????????????????????????????????????????????????# | | ?????????????????????????????????????????????????# | | ?????????????????????????????????????????????????# | | ?????????????????????????????????????????????????# | | ?????????????????????????????????????????????????? | | ?????????????????????????????????????????????????? | | ?????????????????????????????????????????????????? | | ?????????????????????????????????????????????????? | | ?????????????????????????????????????????????????? | | ?????????????????????????????????????????????????? | | ?????????????????????????????????????????????????? | | ?????????????????????????????????????????????????? | | ?????????????????????????????????????????????????? | | ?????????????????????????????????????????????????? | | ?????????????????????????????????????????????????? | | ??????????????????????#"""########?#####?#####?### | | ??????????????????????# ### #?# #?# #?# | | ??????????????????????#+;@### ### ### ### | | ??????????????????????# ll | | ??????????????????????# h | | ??????????????????????# h hh | | ??????????????????????# b | | ??????????????????????# | | ??????????????????????# # lhRh # ## ### % | | ??????????????????????###### h # ## #?# | | ???????????????????????????# h%b ## ## ###?### | | ???????????????????????????## bb #### ###?????? | | ???????????????????????????# h h #######??????? | | ??????????????????????????# ##b ##????????????? | | ?????????????????????????# #?#b #??????????????? | | ?????????????????????????##??# #???????????????? | | ?????????????????????????????# #???????????????? | | ?????????????????????????????# #???????????????? | | ?????????????????????????????# #???????????????? | | ?????????????????????????????# #???????????????? | | ?????????????????????????????# ???????????????? | | ?????????????????????????????# ????????????????? | | ?????????????????????????????? ????????????????? | | ?????????????????????????????????????????????????? | | ?????????????????????????????????????????????????? | | ?????????????????????????????????????????????????? | | ?????????????????????????????????????????????????? | +----------------------------------------------------+ Best States ------------- Heat Dissipation 109 Coolant Potential 65 Energy Generation 45 Energy Capacity 700 Matter Stores 850 Matter Capacity 850 Sight Range 16 Robot Scan Range 14 Terrain Scan Density 10 ECM Strength 2 Jamming Range 16 Cloak Strength 3 Power Amplification 30 Additional Mass Support 16 EM Shielding 3 Armor Coverage 1350 Resistance: KI 40 Resistance: TH 50 Utility Shielding 66 Weapon Shielding 66 Point Defense Rating 240 Evasion (%) 40 Targeting Accuracy 24 Target Analysis 8 Core Analysis 10 Armor Integrity Analysis 40 Recoil Reduction 6 Offensive Hacking 12 Item Schematics ----------------- Hcp. Storage Unit | -10/Materials | Hacked Sensor Array | -8/Materials | Scanalyzed Adv. Force Field | -5/Factory | Hacked Robot Schematics ------------------ None Fabricated ------------ Hcp. Storage Unit | x1 | -7/Factory Adv. Force Field | x2 | -5/Factory Lgt. Quantum Reactor | x2 | -2/Research | Preloaded Alien Tech Used ----------------- None Achievements -------------- None Challenges ------------ None Game ------ Seed SurgeArcRail Manual? 0 Play Time 07:03:16 Cumulative 1069.7 hours Start 2021.05.26 @ 12:07:56 End 2021.05.28 @ 12:54:51 Sessions 27 Manual Loads 0 Difficulty Rogue Special Mode None Game No. 299 Rogue 299 Adventurer 0 Explorer 0 Win Type - Total 38 Types 25/5/5/3/0/0/0/0/0 Lore% 81 Gallery% 86 Achievement% 73 Wizard Run 0 Options --------- ASCII 1 Keyboard 1 Movement Numpad Keybinds 0 Fullscreen 1 Font 24/Smallcaps Map View 76x50 Tactical HUD 1 Map Filters NONE Filters NONE Steam 1 RUN: 30e6f09d-00bd-4a0a-887e-a9791e36b2ab